 Dungeon Crawl Stone Soup version 0.27-a0-828-g8289197e94 (webtiles) character file.

Game seed: 11476863655534385583

1810 polve the Transmogrifier (level 8, -1/114 HPs)
             Began as a Yellow Draconian Transmuter on Mar 30, 2021.
             Slain by a gnoll
             ... wielding a +0 vorpal spear
              (7 damage)
             ... on level 6 of the Dungeon.
             The game lasted 00:08:17 (7804 turns).

polve the Transmogrifier (DrTm)                     Turns: 7804, Time: 00:08:18

Health: -1/114     AC:  8    Str: 13    XL:     8   Next: 84%
Magic:  11/11      EV:  8    Int: 21    God:
Gold:   251        SH:  0    Dex: 12    Spells: 3/11 levels left

rFire    . . .     SeeInvis .     - Unarmed
rCold    . . .     Faith    .   (shield currently unavailable)
rNeg     . . .     Spirit   .   (armour unavailable)
rPois    +         Reflect  .   (helmet currently unavailable)
rElec    .         Harm     .   (cloak currently unavailable)
rCorr    .         Rampage  .   (gloves currently unavailable)
Will     .....                  (boots currently unavailable)
Stlth    ..........             b - amulet of magic regeneration
HPRegen  0.29/turn              q - ring of wizardry
MPRegen  0.37/turn              p - +6 ring of intelligence

@: berserking, hydra-form, very quick
A: fast swimmer, devour, amphibious, boosted hp, (spit acid), AC +6, very large,
unfitting armour, (cold-blooded), (acid resistance)
a: End Transformation


You were on level 6 of the Dungeon.
You were a four-headed hydra.
You visited 2 branches of the dungeon, and saw 7 of its levels.

You collected 251 gold pieces.

Inventory:

Hand Weapons
 e - a +1 short sword of holy wrath
 f - a +2 short sword of speed
Jewellery
 b - an amulet of magic regeneration (around neck)
 i - a +4 ring of evasion
 p - a +6 ring of intelligence (right foreclaw)
 q - a ring of wizardry (left foreclaw)
Scrolls
 a - a scroll of fog {unknown}
 c - 3 scrolls of identify {unknown}
 d - a scroll of noise {unknown}
 g - 3 scrolls of teleportation {unknown}
 h - 3 scrolls of torment {unknown}
 m - a scroll of summoning {unknown}
Potions
 j - a potion of lignification
 k - a potion of flight {unknown}
 l - a potion of cancellation {unknown}
 n - 2 potions of attraction {unknown}
 o - a potion of curing


   Skills:
 - Level 1.1 Fighting
 - Level 1.7 Dodging
 - Level 3.0 Unarmed Combat
 - Level 2.0 Spellcasting
 + Level 11.4 Transmutations


You had 3 spell levels left.
You knew the following spells:

 Your Spells              Type           Power      Damage    Failure   Level
a - Hydra Form            Tmut           25%        N/A       1%          5
b - Beastly Appendage     Tmut           100%       N/A       1%          1
z - Wereblood             Tmut           50%        N/A       1%          2

Your spell library contained the following spells:

 Spells                   Type           Power      Damage    Failure   Level
 Spider Form              Tmut/Pois      13%        N/A       1%          3
 Foxfire                  Conj/Fire      8%         2x1d4     6%          1
 Summon Small Mammal      Summ           8%         N/A       6%          1
 Call Imp                 Summ           2%         N/A       9%          2
 Call Canine Familiar     Summ           2%         N/A       17%         3
 Confusing Touch          Hex            2%         N/A       17%         3
 Conjure Flame            Conj/Fire      2%         6-21      17%         3
 Gell's Gravitas          Tloc           1%         N/A       17%         3
 Inner Flame              Hex/Fire       2%         N/A       17%         3
 Summon Guardian Golem    Hex/Summ       2%         N/A       17%         3
 Ice Form                 Ice/Tmut       26%        N/A       6%          4
 Petrify                  Tmut/Erth      26%        N/A       6%          4
 Yara's Violent Unravell  Hex/Tmut       13%        3d7       16%         5
 Sticky Flame             Conj/Fire      2%         2d3       47%         4
 Summon Ice Beast         Ice/Summ       2%         N/A       47%         4
 Summon Lightning Spire   Summ/Air       2%         N/A       47%         4
 Fireball                 Conj/Fire      1%         3d3       82%         5
 Metabolic Englaciation   Hex/Ice        1%         N/A       82%         5


Dungeon Overview and Level Annotations

Branches:
Dungeon (6/15)             Temple (1/1) D:6

Altars:
Ashenzari
Cheibriados
Dithmenos
Fedhas
Gozag
Kikubaaqudgha
Nemelex Xobeh
Okawaru
Qazlal
Sif Muna
Trog
Vehumet
Xom
The Shining One


Innate Abilities, Weirdness & Mutations

You are a four-headed hydra.
You swim very quickly.
You can devour living enemies to heal.
You are amphibious.
Your maximum health is greatly increased.
Your armour is entirely melded.
You are incapable of wielding weapons or throwing items.
((You can spit globs of acid.))
((Your golden yellow scales are hard. (AC +6)))
You cannot fit into any form of body armour.
((You are cold-blooded and may be slowed by cold attacks.))
((You are resistant to acid. (rCorr)))


Message History

You see here a throwing net.
You struggle against the net.
The steam dragon breathes steam at you. The ball of steam hits you!
You struggle against the net.
You are engulfed in a cloud of scalding steam.
The steam dragon breathes steam at you. The ball of steam hits you!!
The gnoll hits you from afar with a +0 vorpal spear.
You tear a large gash into the net.
The gnoll hits you but does no damage.
You rip the net and break free!
You are engulfed in a cloud of scalding steam.
* * * LOW HITPOINT WARNING * * *
An ice beast comes into view.
The gnoll hits you from afar with a +0 vorpal spear.
* * * LOW HITPOINT WARNING * * *
x2 The steam dragon bites you.
* * * LOW HITPOINT WARNING * * *
The steam dragon claws you but does no damage.
A red film seems to cover your vision as you go berserk!
You feel yourself moving faster!
You feel mighty! The steam dragon bites you.
* * * LOW HITPOINT WARNING * * *
The steam dragon claws you but does no damage.
The gnoll hits you but does no damage.
You bite the steam dragon!
The steam dragon is heavily wounded.
You are engulfed in a cloud of scalding steam.
* * * LOW HITPOINT WARNING * * *
The steam dragon breathes steam at you. The ball of steam hits you!
* * * LOW HITPOINT WARNING * * *
You nip at the steam dragon but do no damage.
The steam dragon is heavily wounded.
The gnoll hits you from afar with a +0 vorpal spear.
* * * LOW HITPOINT WARNING * * *
x2 You bite the steam dragon!
The steam dragon is severely wounded.
The steam dragon closely misses you. The steam dragon barely misses you.
The gnoll hits you from afar with a +0 vorpal spear!
You die...

...# #. ... ..#.
...# #.. ##.## #....
. ...# #.. ...##....
.. #..#
#..####......##...
...#
#......##!.......
####
#..♣.♣...........
..##
##..>............
...###
#..♣.♣..g........
...#.#
#..§§.DD.#.......
.....#
#§............(..
.....###
##...§§..#........
..#....#
#.#########.......
.##...####.# ##>##
[......
........#..##8...8#
...?...
.##.##.....##.....#
.......
.......#...#8.....8#
#......##..# ..##


You could see a steam dragon (catching breath) and a gnoll.

Vanquished Creatures
  Pikel (D:6)
  A troll (D:5)
  Menkaure (D:6)
  2 sky beasts (D:5)
  A necrophage (D:6)
  A lemure (D:5)
  Blork the orc (D:6)
  A wyvern zombie (D:6)
  2 scorpions (D:6)
  A water moccasin zombie (D:5)
  A water moccasin skeleton (D:5)
  A centaur zombie (D:6)
  2 hounds (D:6)
  A bullfrog zombie (D:6)
  A centaur skeleton (D:6)
  A gnoll shaman (D:5)
  A jelly (D:5)
  A bullfrog skeleton (D:6)
  An iguana (D:5)
  An orc wizard (D:4)
  Robin (D:4)
  A gnoll (D:5)
  6 adders
  An ufetubus (D:5)
  An adder zombie (D:5)
  2 worms (D:4)
  2 dart slugs (D:1)
  16 orcs
  5 bats
  8 endoplasms
  7 hobgoblins
  3 jackals (D:1)
  2 quokkas
  4 ball pythons
  3 frilled lizards (D:1)
  16 goblins
  7 kobolds
  A quokka skeleton (D:4)
  7 rats
116 creatures vanquished.

Vanquished Creatures (others)
  A human (D:2)
1 creature vanquished.

Grand Total: 117 creatures vanquished

Notes
Turn   | Place    | Note
-------+----------+-------------------------------------------
     0 | D:1      | polve the Draconian Transmuter began the quest for the Orb.
     0 | D:1      | Reached XP level 1. HP: 16/16 MP: 3/3
   221 | D:1      | Reached XP level 2. HP: 20/23 MP: 5/5
   276 | D:1      | Reached skill level 3 in Transmutations
   923 | D:1      | Reached XP level 3. HP: 28/28 MP: 6/6
  1436 | D:2      | Reached skill level 4 in Transmutations
  1670 | D:2      | Found an ancient bone altar of Kikubaaqudgha.
  1671 | D:2      | Noticed a human
  1676 | D:2      | Killed a human
  1736 | D:2      | Found a bloodstained altar of Trog.
  1804 | D:3      | Reached XP level 4. HP: 2/35 MP: 7/7
  2649 | D:3      | Found an opulent altar of Gozag.
  3369 | D:4      | Reached skill level 5 in Transmutations
  3394 | D:4      | Noticed Robin
  3411 | D:4      | HP: 2/52 [goblin/+0 club[Robin] (3)]
  3432 | D:4      | Killed Robin
  3433 | D:4      | Reached XP level 5. HP: 35/40 MP: 8/8
  4691 | D:4      | Learned a level 2 spell: Wereblood
  4697 | D:4      | Learned a level 5 spell: Hydra Form
  4717 | D:5      | Entered Level 5 of the Dungeon
  4739 | D:5      | Found a radiant altar of Vehumet.
  4750 | D:5      | Reached skill level 6 in Transmutations
  4793 | D:5      | Noticed a sky beast
  4807 | D:5      | Killed a sky beast
  4808 | D:5      | Reached XP level 6. HP: 40/47 MP: 9/9
  5008 | D:5      | Noticed a sky beast
  5028 | D:5      | Killed a sky beast
  5029 | D:5      | Reached skill level 7 in Transmutations
  5499 | D:5      | Noticed a troll
  5526 | D:5      | Killed a troll
  5527 | D:5      | Reached skill level 8 in Transmutations
  5527 | D:5      | Your scales start taking on a golden yellow colour.
  5527 | D:5      | Reached XP level 7. HP: 51/52 MP: 10/10
  5527 | D:5      | Gained mutation: You are resistant to acid. (rCorr) [Yellow
                  | Draconian growth]
  6226 | D:6      | Noticed Menkaure
  6227 | D:6      | Found a shadowy altar of Dithmenos.
  6231 | D:6      | Killed Menkaure
  6237 | D:6      | Reached skill level 9 in Transmutations
  6507 | D:6      | Noticed Pikel
  6846 | D:6      | Noticed Blork the orc
  6861 | D:6      | Killed Blork the orc
  6862 | D:6      | Reached XP level 8. HP: 53/59 MP: 7/11
  6911 | D:6      | Killed Pikel
  6912 | D:6      | Reached skill level 10 in Transmutations
  7171 | D:6      | Reached skill level 11 in Transmutations
  7290 | D:6      | Found a shimmering blue altar of Sif Muna.
  7646 | D:6      | Found a staircase to the Ecumenical Temple.
  7654 | Temple   | Entered the Ecumenical Temple
  7803 | D:6      | HP: 5/114 [gnoll/+0 vorpal spear (1)]
  7804 | D:6      | Slain by a gnoll

Illustrated notes

Levels and vault maps discovered:
D:1:      dpeg_arrival_stone_temple_mockup, layout_rooms, serial_curves,
          eino_curves_02, eino_curves_02, eino_curves_01, eino_curves_03,
          minmay_misc_feat_tiny
D:2:      layout_rooms, marbit_many_paths, tgw_kikubaaqudgha
D:3:      layout_loops_ring, nicolae_overflow_crystal_walls,
          minmay_misc_feat_cross, kennysheep_generic_room_11
D:4:      layout_basic, uniq_robin
D:5:      layout_layer_cave, fiery_altar_vehumet, glass_columns_b
D:6:      layout_cave_pools, nicolae_overflow_hidden_temple,
          lemuel_zombie_altar_yredelemnul, lightli_temple_of_fire,
          overflow_temple_1_default, minmay_temple_entry_trees,
          chequers_serial_rivers_micro_a, uniq_blork_the_orc, uniq_menkaure,
          uniq_pikel
Temple:   nicolae_temple_figure_zero

Skill      XL: |  1  2  3  4  5  6  7  8 |
---------------+-------------------------+-----
Transmutations | 3 4 5 6 8 9 11 | 11.4
Fighting       | |  1.1
Dodging        | |  1.7
Unarmed Combat | |  3.0
Spellcasting   | |  2.0

Action                   |  1- 3 |  4- 6 |  7- 9 || total
-------------------------+-------+-------+-------++-------
Melee: Unarmed           |   137 |    18 |    98 ||   253
       Tailslap          |    16 |    19 |     2 ||    37
       Headbutt          |     4 |    17 |       ||    21
       Kick              |     7 |    24 |       ||    31
       Punch             |     1 |     4 |       ||     5
       Short sword       |       |   192 |       ||   192
 Cast: Beastly Appendage |     9 |    23 |       ||    32
       Hydra Form        |       |       |     7 ||     7
       Wereblood         |       |       |     2 ||     2
 Abil: Breathe Acid      |       |       |     1 ||     1
  Use: Potion            |       |     6 |     1 ||     7
 Stab: Sleeping          |     1 |       |       ||     1
Armor: Skin              |    35 |    87 |    41 ||   163
Dodge: Dodged            |    74 |    95 |    37 ||   206

Table legend: (Time is in decaauts)
 A = Elapsed time spent in this place.
 B = Non-inter-level travel time spent in this place.
 C = Inter-level travel time spent in this place.
 D = Time resting spent in this place.
 E = Time spent auto-exploring this place.
 F = Levels seen in this place.
 G = Mean time per level.
                   A        B        C        D        E       F      G
               +--------+--------+--------+--------+--------+-----+--------+
         Total |   7746 |   7562 |    184 |     39 |   6615 |   7 | 1106.6 |
       Dungeon |   7622 |   7447 |    175 |     39 |   6502 |   6 | 1270.3 |
        Temple |    123 |    114 |      9 |      0 |    113 |   1 |  123.0 |
               +--------+--------+--------+--------+--------+-----+--------+

Top non-repeatable levels by time:
     D:5: 2168 daAuts
     D:4: 1547 daAuts
     D:3: 1357 daAuts
     D:1: 1052 daAuts
     D:6: 770 daAuts
     D:2: 727 daAuts
  Temple: 123 daAuts
